 Dungeon Crawl Stone Soup version 0.21.1 (webtiles) character file.

4581 bobthegiant the Thaumaturge (level 10, 0/76 HPs)
             Began as a Gnoll Wizard on Jan 31, 2018.
             Was a Priest of Sif Muna.
             Killed from afar by a guardian serpent (14 damage)
             ... with a bolt of poison
             ... on level 2 of the Abyss on Feb 3, 2018.
             The game lasted 01:16:59 (11987 turns).

bobthegiant the Thaumaturge (Gnoll Wizard)         Turns: 11987, Time: 01:16:59

Health: 0/76       AC:  8    Str:  9    XL:     10   Next: 41%
Magic:  22/23      EV: 16    Int: 23    God:    Sif Muna [***...]
Gold:   478        SH:  5    Dex: 15    Spells: 14/27 levels left

rFire    . . .     SeeInvis .   a - +2 mace (venom)
rCold    . . .     Gourm    .   D - +0 buckler
rNeg     . . .     Faith    .   B - +0 leather armour
rPois    .         Spirit   .   j - +1 hat
rElec    .         Reflect  .   A - +2 cloak
rCorr    .         Harm     .   (no gloves)
MR       ++...                  (no boots)
Stlth    +++.......             (no amulet)
HPRegen  0.22/turn              p - ring of protection from magic
MPRegen  0.18/turn              E - ring of protection from magic

@: lethally poisoned (0 -> -40)
A: distributed training, fangs 1, strong nose
a: Divine Energy, Channel Magic, Renounce Religion


You were on level 2 of the Abyss.
You worshipped Sif Muna.
Sif Muna was most pleased with you.
You were not hungry.

You visited 1 branch of the dungeon, and saw 10 of its levels.
You visited the Abyss 1 time.

You collected 478 gold pieces.

Inventory:

Hand Weapons
 a - a +2 mace of venom (weapon)
 b - a +0 hunting sling
 l - a +0 whip
 o - a +0 scimitar of slicing
 F - a +0 spear
Missiles
 i - 72 sling bullets
 k - 303 stones (quivered)
 I - 119 arrows
 K - 38 poisoned needles
Armour
 h - a +0 robe
 j - a +1 hat (worn)
 A - a +2 cloak (worn)
 B - a +0 leather armour (worn)
 D - a +0 buckler (worn)
Magical Staves
 H - an uncursed staff of power {unknown}
Jewellery
 p - a ring of protection from magic (left hand)
 E - a ring of protection from magic (right hand)
Wands
 v - a wand of flame (14)
Scrolls
 e - a scroll of fear
 f - a scroll of summoning
 g - 2 scrolls of fog
 m - 3 scrolls of teleportation
 n - 3 scrolls of enchant armour
 x - a scroll of noise
 y - a scroll of blinking
 C - a scroll of silence {unknown}
 G - a scroll of remove curse
Potions
 q - 3 potions of lignification
 r - 6 potions of curing
 s - 2 potions of haste {unknown}
 u - a potion of magic
 w - a potion of agility
 z - 2 potions of flight
 J - 4 potions of heal wounds
 L - a potion of mutation
Books
 c - a book of Minor Magic

   Spells                             Type                      Level
   a - Magic Dart                     Conjuration                  1
   b - Blink                          Translocation                2
   c - Call Imp                       Summoning                    2
   d - Slow                           Hexes                        2
   e - Conjure Flame                  Conjuration/Fire             3
   f - Mephitic Cloud                 Conjuration/Poison/Air       3
 t - a book of Party Tricks

   Spells                             Type                      Level
   a - Summon Butterflies             Summoning                    1
   b - Apportation                    Translocation                1
   c - Lesser Beckoning               Translocation                3
   d - Tukima's Dance                 Hexes                        3
   e - Alistair's Intoxication        Transmutation/Poison         5
   f - Invisibility                   Hexes                        6
Comestibles
 d - 17 rations


   Skills:
 + Level 5.9 Fighting
 + Level 5.9 Short Blades
 + Level 5.9 Long Blades
 + Level 5.9 Axes
 + Level 5.9 Maces & Flails
 + Level 5.9 Polearms
 + Level 5.9 Staves
 + Level 5.9 Slings
 + Level 5.9 Bows
 + Level 5.9 Crossbows
 + Level 5.9 Throwing
 + Level 5.9 Armour
 + Level 7.6 Dodging
 + Level 7.3 Stealth
 + Level 5.9 Shields
 + Level 5.9 Unarmed Combat
 + Level 9.3 Spellcasting
 + Level 5.4 Conjurations
 + Level 4.9 Hexes
 + Level 4.9 Charms
 + Level 5.4 Summonings
 + Level 4.9 Necromancy
 + Level 5.4 Translocations
 + Level 4.9 Transmutations
 + Level 4.9 Fire Magic
 + Level 4.9 Ice Magic
 + Level 4.9 Air Magic
 + Level 4.9 Earth Magic
 + Level 4.9 Poison Magic
 + Level 6.5 Invocations
 + Level 5.9 Evocations


You had 14 spell levels left.
You knew the following spells:

 Your Spells              Type           Power        Failure   Level  Hunger
a - Magic Dart            Conj           ####         1%          1    None
b - Blink                 Tloc           N/A          1%          2    None
c - Mephitic Cloud        Conj/Pois/Air  ####....     3%          3    None
d - Conjure Flame         Conj/Fire      ####....     2%          3    None
e - Summon Butterflies    Summ           #####...     1%          1    None
f - Tukima's Dance        Hex            ####....     3%          3    None


Dungeon Overview and Level Annotations

Branches:
Dungeon (10/15)            Temple (0/1) D:4            Lair (0/6) D:9
    Orc: D:9-12

Altars:
Fedhas
Okawaru
Sif Muna
Zin

Shops:
D:6 *   D:9 %

Annotations:
D:3 Sigmund
D:5 exclusions: door, downstairs, upstairs and 1 more exclusion
D:6 Menkaure
D:8 exclusions: downstairs and killer bee
D:9 exclusion: downstairs
D:10 Psyche


Innate Abilities, Weirdness & Mutations

Your experience applies equally to all skills.
You have very sharp teeth.
Your uncanny sense of smell can sniff out nearby items.


Message History

You feel sick.
The guardian serpent coils itself and waves its upper body at you.
The bolt of poison hits you!
You are more poisoned.
You feel sick.
The guardian serpent coils itself and waves its upper body at you.
The bolt of poison hits you!
You are lethally poisoned!
* * * LOW HITPOINT WARNING * * *
Casting: Magic Dart
Confirm with . or Enter, or press ? or * to list all spells.
* * * LOW HITPOINT WARNING * * *
You feel very sick.
The guardian serpent casts a spell at you.
The bolt of poison hits your butterfly.
Your butterfly is poisoned.
Your butterfly dies!
The bolt of poison hits you!
You are more poisoned.
You die...

... ..#. .'.. ..#
#..N #...# . ..#
.#..#.....#.. ..#
.........##......
######S..######..
#.8...## #
#b.....#
#.8...#.#
+@....#.#
#.8b......
#..b.#..#..
#.8....##
###.....#
....#... ∆
.#.##.#. .# .


You could see a guardian serpent.

Vanquished Creatures
  A hippogriff (D:7)
  A dancing weapon (D:7)
  A hungry ghost (D:8)
  A water moccasin (D:8)
  2 ice beasts
  A black bear (D:7)
  4 orc warriors
  2 ogres (D:9)
  2 centaurs
  Blork the orc (D:4)
  A big kobold (D:9)
  6 bullfrogs
  4 scorpions
  3 killer bees (D:9)
  A howler monkey (D:8)
  4 crimson imps
  2 bullfrog zombies
  2 centaur zombies (D:6)
  3 hounds
  2 jellies (D:8)
  2 orc priests
  A quasit (D:4)
  4 orc wizards
  Crazy Yiuf (D:3)
  2 bullfrog skeletons
  3 iguanas
  Jessica (D:3)
  5 worker ants
  2 hound zombies
  A hound skeleton (D:5)
  Robin (D:4)
  4 gnolls (D:2)
  2 howler monkey skeletons
  6 adders
  3 shadow imps
  An ooze (D:1)
  An adder zombie (D:9)
  2 adder skeletons
  A worm (D:3)
  4 leopard geckos
  17 orcs
  A ball python (D:3)
  8 giant cockroaches
  12 goblins
  13 hobgoblins
  10 jackals
  2 quokkas
  9 bats
  4 frilled lizards
  A jackal skeleton (D:4)
  9 kobolds
  A leopard gecko skeleton (D:4)
  A leopard gecko zombie (D:5)
  A quokka skeleton (D:6)
  7 rats
187 creatures vanquished.

Vanquished Creatures (collateral kills)
  A two-headed ogre (D:9)
  An ogre (D:9)
  3 orcs
5 creatures vanquished.

Vanquished Creatures (others)
  2 dancing weapons
2 creatures vanquished.

Grand Total: 194 creatures vanquished

Notes
Turn   | Place    | Note
-------+----------+-------------------------------------------
     0 | D:1      | bobthegiant the Gnoll Wizard began the quest for the Orb.
     0 | D:1      | Reached XP level 1. HP: 13/13 MP: 8/8
   133 | D:1      | Reached XP level 2. HP: 19/19 MP: 6/10
   137 | D:1      | Learned a level 2 spell: Blink
   837 | D:1      | Reached XP level 3. HP: 25/25 MP: 7/11
   873 | D:1      | Learned a level 3 spell: Mephitic Cloud
   877 | D:1      | Learned a level 3 spell: Conjure Flame
  1456 | D:2      | Reached skill level 1 in Invocations
  1484 | D:2      | Reached skill level 1 in Fighting
  1484 | D:2      | Reached skill level 1 in Short Blades
  1484 | D:2      | Reached skill level 1 in Long Blades
  1484 | D:2      | Reached skill level 1 in Axes
  1484 | D:2      | Reached skill level 1 in Maces & Flails
  1484 | D:2      | Reached skill level 1 in Polearms
  1484 | D:2      | Reached skill level 1 in Staves
  1484 | D:2      | Reached skill level 1 in Slings
  1484 | D:2      | Reached skill level 1 in Bows
  1484 | D:2      | Reached skill level 1 in Crossbows
  1484 | D:2      | Reached skill level 1 in Throwing
  1484 | D:2      | Reached skill level 1 in Armour
  1484 | D:2      | Reached skill level 1 in Shields
  1484 | D:2      | Reached skill level 1 in Unarmed Combat
  1484 | D:2      | Reached skill level 1 in Evocations
  1595 | D:2      | Reached XP level 4. HP: 32/32 MP: 10/13
  2085 | D:2      | Reached skill level 1 in Hexes
  2085 | D:2      | Reached skill level 1 in Charms
  2085 | D:2      | Reached skill level 1 in Necromancy
  2085 | D:2      | Reached skill level 1 in Transmutations
  2085 | D:2      | Reached skill level 1 in Fire Magic
  2085 | D:2      | Reached skill level 1 in Ice Magic
  2085 | D:2      | Reached skill level 1 in Air Magic
  2085 | D:2      | Reached skill level 1 in Earth Magic
  2085 | D:2      | Reached skill level 1 in Poison Magic
  2214 | D:3      | Reached XP level 5. HP: 37/37 MP: 2/14
  2353 | D:3      | Found a runed door.
  2357 | D:3      | Noticed Crazy Yiuf
  2421 | D:3      | Killed Crazy Yiuf
  2673 | D:3      | Noticed Jessica
  2680 | D:3      | Killed Jessica
  3019 | D:3      | Found a deep blue altar of Sif Muna.
  3022 | D:3      | Became a worshipper of Sif Muna the Loreminder
  3094 | D:3      | Noticed Sigmund
  3274 | D:4      | Reached XP level 6. HP: 44/44 MP: 6/16
  3480 | D:4      | Noticed Robin
  3618 | D:4      | Killed Robin
  3884 | D:4      | Found a staircase to the Ecumenical Temple.
  4035 | D:4      | Reached skill level 5 in Dodging
  4201 | D:4      | Noticed a phantom
  4263 | D:5      | Entered Level 5 of the Dungeon
  4427 | D:5      | Upgraded the game from 0.21.0-37-g46506fa to 0.21.1
  4556 | D:5      | Reached XP level 7. HP: 43/50 MP: 2/18
  5674 | D:4      | Noticed Blork the orc
  5682 | D:4      | Killed Blork the orc
  5781 | D:4      | Reached * piety under Sif Muna
  5909 | D:4      | Reached ** piety under Sif Muna
  5909 | D:4      | Reached skill level 5 in Fighting
  5909 | D:4      | Reached skill level 5 in Short Blades
  5909 | D:4      | Reached skill level 5 in Long Blades
  5909 | D:4      | Reached skill level 5 in Axes
  5909 | D:4      | Reached skill level 5 in Maces & Flails
  5909 | D:4      | Reached skill level 5 in Polearms
  5909 | D:4      | Reached skill level 5 in Staves
  5909 | D:4      | Reached skill level 5 in Slings
  5909 | D:4      | Reached skill level 5 in Bows
  5909 | D:4      | Reached skill level 5 in Crossbows
  5909 | D:4      | Reached skill level 5 in Throwing
  5909 | D:4      | Reached skill level 5 in Armour
  5909 | D:4      | Reached skill level 5 in Shields
  5909 | D:4      | Reached skill level 5 in Unarmed Combat
  5909 | D:4      | Reached skill level 8 in Spellcasting
  5909 | D:4      | Reached skill level 5 in Invocations
  5909 | D:4      | Reached skill level 5 in Evocations
  5909 | D:4      | Reached XP level 8. HP: 62/62 MP: 18/20
  6271 | D:6      | Noticed Menkaure
  6363 | D:6      | Found Zybraga's General Store.
  6376 | D:6      | Found a blossoming altar of Fedhas.
  7492 | D:6      | Reached XP level 9. HP: 68/68 MP: 0/21
  7860 | D:7      | Reached skill level 9 in Spellcasting
  8210 | D:7      | Learned a level 1 spell: Summon Butterflies
  8214 | D:7      | Learned a level 3 spell: Tukima's Dance
  8618 | D:7      | Reached skill level 5 in Conjurations
  8618 | D:7      | Reached skill level 5 in Summonings
  8618 | D:7      | Reached skill level 5 in Translocations
  9518 | D:8      | Found an iron altar of Okawaru.
  9608 | D:8      | Reached *** piety under Sif Muna
 10541 | D:9      | Reached XP level 10. HP: 29/76 MP: 2/23
 10997 | D:9      | Noticed a two-headed ogre
 11014 | D:9      | Killed a two-headed ogre
 11228 | D:9      | Found a staircase to the Lair.
 11436 | D:9      | Found a glowing silver altar of Zin.
 11665 | D:9      | Found Rosox's Food Boutique.
 11845 | D:10     | Entered Level 10 of the Dungeon
 11869 | D:10     | Noticed Psyche
 11880 | D:10     | Cast into level 2 of the Abyss (Psyche)
 11894 | Abyss:2  | Found a hide-covered altar of Uskayaw.
 11980 | Abyss:2  | Noticed a guardian serpent
 11980 | Abyss:2  | Noticed a naga warrior
 11980 | Abyss:2  | Noticed a salamander
 11987 | Abyss:2  | Killed from afar by a guardian serpent

Skill      XL: |  1  2  3  4  5  6  7  8  9 |
---------------+----------------------------+-----
Conjurations   | 2 4 5 |  5.4
Summonings     | 2 4 5 |  5.4
Translocations | 2 4 5 |  5.4
Invocations    | 1 2 5 6 |  6.5
Fighting       | 1 2 5 |  5.9
Short Blades   | 1 2 5 |  5.9
Long Blades    | 1 2 5 |  5.9
Axes           | 1 2 5 |  5.9
Maces & Flails | 1 2 5 |  5.9
Polearms       | 1 2 5 |  5.9
Staves         | 1 2 5 |  5.9
Slings         | 1 2 5 |  5.9
Bows           | 1 2 5 |  5.9
Crossbows      | 1 2 5 |  5.9
Throwing       | 1 2 5 |  5.9
Armour         | 1 2 5 |  5.9
Shields        | 1 2 5 |  5.9
Unarmed Combat | 1 2 5 |  5.9
Evocations     | 1 2 5 |  5.9
Hexes          | 1 4 |  4.9
Charms         | 1 4 |  4.9
Necromancy     | 1 4 |  4.9
Transmutations | 1 4 |  4.9
Fire Magic     | 1 4 |  4.9
Ice Magic      | 1 4 |  4.9
Air Magic      | 1 4 |  4.9
Earth Magic    | 1 4 |  4.9
Poison Magic   | 1 4 |  4.9
Dodging        | 5 6 7 |  7.6
Stealth        | 6 7 |  7.3
Spellcasting   | 8 9 |  9.3

Action                   |  1- 3 |  4- 6 |  7- 9 | 10-12 || total
-------------------------+-------+-------+-------+-------++-------
Melee: Unarmed           |    13 |       |       |       ||    13
       Whip              |    20 |    10 |    34 |       ||    64
       Bite              |     3 |     1 |     8 |     6 ||    18
       Mace              |       |       |    40 |    65 ||   105
 Fire: Hunting sling     |     4 |    10 |    35 |       ||    49
Throw: Stone             |       |       |       |     1 ||     1
 Cast: Magic Dart        |    53 |   193 |   307 |    74 ||   627
       Mephitic Cloud    |     1 |    10 |    16 |     4 ||    31
       Conjure Flame     |     1 |    10 |    29 |     2 ||    42
       Blink             |       |       |    12 |       ||    12
       Tukima's Dance    |       |       |     4 |    12 ||    16
       Summon Butterflie |       |       |     1 |     1 ||     2
Invok: Divine Energy     |       |       |     3 |     1 ||     4
       Stop Divine Energ |       |       |     3 |     1 ||     4
  Use: Potion            |       |     1 |     2 |       ||     3
       Scroll            |       |       |    20 |       ||    20
 Stab: Sleeping          |     1 |       |     2 |       ||     3
       Confused          |       |       |     1 |     3 ||     4
  Eat: Chunk             |     2 |     8 |    10 |     3 ||    23
       Ration            |       |       |     3 |       ||     3
Armor: Robe              |     3 |    11 |    12 |       ||    26
       Leather armour    |       |       |    17 |    27 ||    44
Dodge: Dodged            |    26 |    34 |   116 |    44 ||   220
Block: Buckler           |       |       |    34 |    18 ||    52
